 Dungeon Crawl Stone Soup version 0.22-a0-612-gd2f0174 (webtiles) character file.

87 Mamutox the Ruffian (level 4, 0/41 HPs)
             Began as an Ogre Transmuter on July 11, 2018.
             Succumbed to an adder's poison
             ... on level 3 of the Dungeon.
             The game lasted 00:09:57 (2488 turns).

Mamutox the Ruffian (Ogre Transmuter)               Turns: 2488, Time: 00:09:58

Health: 0/41       AC:  4    Str: 16    XL:     4   Next: 51%
Magic:  5/8        EV: 10    Int: 14    God:
Gold:   121        SH:  0    Dex: 10    Spells: 3/9 levels left

rFire    . . .     SeeInvis .     - Unarmed
rCold    . . .     Gourm    .   (no shield)
rNeg     . . .     Faith    .   b - +1 robe
rPois    .         Spirit   .   (helmet restricted)
rElec    .         Reflect  .   (no cloak)
rCorr    +         Harm     .   (gloves unavailable)
MR       .....                  (boots unavailable)
Stlth    +.........             (no amulet)
HPRegen  0.13/turn              e - ring of resist corrosion
MPRegen  0.11/turn              n - ring of wizardry

@: lethally poisoned (0 -> -2)
A: large, unfitting armour, strong 1, tough skin 1, MP-powered wands
a: no special abilities


You were on level 3 of the Dungeon.
You were very hungry.

You visited 1 branch of the dungeon, and saw 3 of its levels.

You collected 121 gold pieces.

Inventory:

Missiles
 a - 60 arrows
 l - 16 poisoned needles
 o - 18 stones (quivered)
 p - 2 curare-tipped needles
Armour
 b - a +1 robe (worn)
Jewellery
 e - a ring of resist corrosion (left hand)
 g - an uncursed ring of ice
 n - a ring of wizardry (right hand)
Scrolls
 f - a scroll of identify
 h - a scroll of blinking {unknown}
 i - a scroll of teleportation {unknown}
 k - 2 scrolls of remove curse {unknown}
 m - a scroll of random uselessness {unknown}
Potions
 j - a potion of degeneration
Comestibles
 d - 6 rations
 r - a chunk of flesh


   Skills:
 - Level 1.3 Fighting
 - Level 2.0 Dodging
 + Level 3.7 Unarmed Combat
 - Level 3.0 Spellcasting
 - Level 2.4 Transmutations
 + Level 0.9 Poison Magic


You had 3 spell levels left.
You knew the following spells:

 Your Spells              Type           Power        Failure   Level  Hunger
a - Beastly Appendage     Tmut           #.....       3%          1    #......
s - Sticks to Snakes      Tmut           #.......     4%          2    ##.....
x - Spider Form           Tmut/Pois      #.........   13%         3    ###....

Your spell library contained the following spells:

 Spells                   Type           Power        Failure   Level  Hunger
 Blade Hands              Tmut           #.........   61%         5    ######.
 Ice Form                 Ice/Tmut       #.......     45%         4    #####..


Dungeon Overview and Level Annotations

Branches:
Dungeon (3/15)

Altars:
Ashenzari


Innate Abilities, Weirdness & Mutations

You are too large for most types of armour.
You have tough skin. (AC +1)
Your muscles are strong. (Str +2)
You expend magic power (3 MP) to strengthen your wands.


Message History

You feel sick.
* * * LOW HITPOINT WARNING * * *
You feel sick.
* * * LOW HITPOINT WARNING * * *
You feel sick.
You feel extremely strange.
You feel your magical essence link to your wands.
You feel stronger.
* * * LOW HITPOINT WARNING * * *
You feel sick.
Okay, then.
Okay, then.
* * * LOW HITPOINT WARNING * * *
You feel sick.
* * * LOW HITPOINT WARNING * * *
You feel sick.
* * * LOW HITPOINT WARNING * * *
You feel sick.
Your magical contamination has completely faded away.
You die...

#.##...........#
#.##.#########.#
#.##......# #.#
#.###.##..###[####.##
#......†.# #.......#
#.##.....###.####..# ##
#...#......# #..#
.###..#.#.#.##.#### #..#
....>.._.@#.......###..##
#######.#.#.##...........
#..#...#....###..##
##.#........# #...
#....<.....#
#...#######..# # #.# #..#
#.# #..# #..#


There were no monsters in sight!

Vanquished Creatures
  3 adders
  A worm (D:2)
  2 dart slugs (D:1)
  5 bats
  4 giant cockroaches
  6 goblins
  7 hobgoblins
  3 jackals (D:2)
  10 kobolds
  A ball python (D:2)
  4 frilled lizards
  6 rats
52 creatures vanquished.

Notes
Turn   | Place    | Note
-------+----------+-------------------------------------------
     0 | D:1      | Mamutox the Ogre Transmuter began the quest for the Orb.
     0 | D:1      | Reached XP level 1. HP: 19/19 MP: 3/3
    37 | D:1      | Reached XP level 2. HP: 8/27 MP: 2/5
   820 | D:1      | Reached XP level 3. HP: 7/33 MP: 5/7
  1688 | D:2      | Learned a level 2 spell: Sticks to Snakes
  1692 | D:2      | Learned a level 3 spell: Spider Form
  1875 | D:2      | Reached XP level 4. HP: 23/41 MP: 8/8
  2344 | D:3      | Found a shattered altar of Ashenzari.
  2478 | D:3      | Gained mutation: You expend magic power (3 MP) to strengthen your wands. [potion of mutation]
  2478 | D:3      | Gained mutation: Your muscles are strong. (Str +2) [potion of mutation]
  2480 | D:3      | HP: 2/41 [poisoned by an adder]
  2485 | D:3      | HP: 1/41 [poisoned by an adder]
  2488 | D:3      | Succumbed to an adder's poison

Vault maps used:
D:1:      roderic_dead_forest
D:3:      st_stairs_13, ashenzari_altar_1

Skill      XL: |  1  2  3 |
---------------+----------+-----
Unarmed Combat | 3 |  3.7
Dodging        | 2 |  2.0
Spellcasting   | 3 |  3.0
Transmutations | 2 |  2.4
Fighting       | |  1.3
Poison Magic   | |  0.9

Action                   |  1- 3 |  4- 6 || total
-------------------------+-------+-------++-------
Melee: Unarmed           |   155 |    35 ||   190
       Kick              |    17 |       ||    17
       Punch             |     2 |       ||     2
       Headbutt          |     5 |       ||     5
 Cast: Beastly Appendage |    18 |       ||    18
       Spider Form       |       |     7 ||     7
 Abil: End Transformatio |       |     1 ||     1
  Use: Scroll            |       |     3 ||     3
       Potion            |       |     1 ||     1
  Eat: Chunk             |     3 |     2 ||     5
Armor: Robe              |    51 |     7 ||    58
       Skin              |       |     4 ||     4
Dodge: Dodged            |    81 |    52 ||   133

Table legend:
 A = Spawn XP
 B = Non-spawn XP
 C = Spawn XP percentage of total XP
 D = Spawn monster count
 E = Non-spawn monster count
 F = Spawn count percentage of total count
 G = Total turns spent on level
                    A         B        C        D         E        F      G
               +---------+---------+-------+---------+---------+-------+---------
         Total |       0 |     125 |   0.0 |       0 |      52 |   0.0 |  2488
               +---------+---------+-------+---------+---------+-------+---------
           D:1 |       0 |      57 |   0.0 |       0 |      26 |   0.0 |  1192
           D:2 |       0 |      37 |   0.0 |       0 |      20 |   0.0 |  1152
           D:3 |       0 |      31 |   0.0 |       0 |       6 |   0.0 |   144
               +---------+---------+-------+---------+---------+-------+---------
